 Dungeon Crawl Stone Soup version 0.27-a0-1137-g3ef0f4ec91 (webtiles) character file.

Game seed: 10939648030564319748

14 Scarexists the Sneak (level 2, -6/24 HPs)
             Began as a Human Delver on May 6, 2021.
             Mangled by a scorpion (8 damage)
             ... on level 5 of the Dungeon.
             The game lasted 00:01:02 (304 turns).

Scarexists the Sneak (Human Delver)                  Turns: 304, Time: 00:01:03

Health: -6/24      AC:  4    Str: 12    XL:     2   Next: 55%
Magic:  2/2        EV: 12    Int: 10    God:
Gold:   6          SH:  0    Dex: 14    Spells: 1/1 levels left

rFire    . . .     SeeInvis .   a - +0 falchion
rCold    . . .     Faith    .   (no shield)
rNeg     . . .     Spirit   .   b - +0 leather armour
rPois    .         Reflect  .   (no helmet)
rElec    .         Harm     .   (no cloak)
rCorr    .         Rampage  .   (no gloves)
Will     .....                  i - +0 pair of boots
Stlth    +++.......             (no amulet)
HPRegen  0.08/turn              (no ring)
MPRegen  0.08/turn              (no ring)

@: lethally poisoned (-6 -> -10)
A: no striking features
a: no special abilities


You were on level 5 of the Dungeon.
You visited 1 branch of the dungeon, and saw 1 of its levels.

You collected 6 gold pieces.

Inventory:

Hand Weapons
 a - a +0 falchion (weapon)
Armour
 b - a +0 leather armour (worn)
 i - a +0 pair of boots (worn)
 j - a +0 tower shield
Wands
 g - a wand of digging (3)
Scrolls
 c - a scroll of fog
 d - a scroll of magic mapping
 e - a scroll of fear
 h - a scroll of teleportation {unknown}
Potions
 f - a potion of haste


   Skills:
 + Level 3.0 Fighting
 + Level 2.1 Long Blades
 + Level 2.0 Dodging
 + Level 5.4 Stealth


You had one spell level left.
You didn't know any spells.
Your spell library contained the following spells:

 Spells                   Type           Power      Damage    Failure   Level
 Magic Dart               Conj           0%         1d3       43%         1
 Searing Ray              Conj           0%         3d3       58%         2
 Dazzling Flash           Conj/Hex       0%         N/A       82%         3
 Fulminant Prism          Conj/Hex       0%         3d6       99%         4
 Iskenderun's Mystic Bla  Conj/Tloc      0%         2d3       99%         4


Dungeon Overview and Level Annotations

Branches:
Dungeon (5/15)
 Temple: D:4-7

Altars:


Message History

You destroy the hound zombie!
You have reached level 2!
HP restored.
A phantom comes into view.
Found a stone staircase leading down.
A bullfrog skeleton comes into view.
Found a scroll labelled KODWON COTYTZ.
A scorpion comes into view.
Found 12 gold pieces.
A sky beast comes into view.
A hound comes into view.
The bullfrog skeleton barely misses you.
You hit the bullfrog skeleton.
The bullfrog skeleton is lightly damaged.
The bullfrog skeleton closely misses you.
You hit the scorpion but do no damage. The scorpion barely misses you.
You hit the scorpion but do no damage. The scorpion closely misses you.
You closely miss the scorpion.
The scorpion stings you but does no damage.
The scorpion stings you.
You are poisoned.
The scorpion poisons you!
You hit the scorpion.
The scorpion is lightly wounded.
You feel very sick. The scorpion closely misses you.
You riposte.
You hit the scorpion.
The scorpion is moderately wounded.
You closely miss the scorpion.
The scorpion is moderately wounded.
You feel sick. The scorpion stings you.
You hit the scorpion but do no damage.
The scorpion is moderately wounded.
You feel sick. The scorpion stings you.
* * * LOW HITPOINT WARNING * * *
The scorpion barely misses you.
You closely miss the scorpion.
The scorpion is moderately wounded.
* * * LOW HITPOINT WARNING * * *
You feel sick. The scorpion stings you!
You die... #......[.##### h..#...........# Y#.............. ...........####. $#.......Z.# #. ###. .#......## ## ?Z+

...###.#
##s# ...# .
#####
#.@###..#
#.#...#
#.#...#.#
#......
#.......#
#......
####.##.#
#...... #.#
# 5......
#.# .#..
#..... #.#
......##...#
#.#
#.....##.###
#.#
#.....##.##


You could see a sky beast (asleep), a scorpion, a hound and a bullfrog skeleton.

Vanquished Creatures
  A hound zombie (D:5)
1 creature vanquished.

Notes
Turn   | Place    | Note
-------+----------+-------------------------------------------
     0 | D:5      | Scarexists the Human Delver began the quest for the Orb.
     0 | D:5      | Reached XP level 1. HP: 18/18 MP: 1/1
    85 | D:5      | Reached XP level 2. HP: 13/24 MP: 2/2
   220 | D:5      | Noticed a phantom
   293 | D:5      | Noticed a scorpion
   294 | D:5      | Noticed a sky beast
   304 | D:5      | Mangled by a scorpion

Illustrated notes

Levels and vault maps discovered:
D:5:      layout_rooms, minmay_fractal_squares_diagonal_5, uniq_ijyb

Action                   || total
-------------------------++-------
Melee: Falchion          ||    21
Armor: Leather armour    ||     6
Dodge: Dodged            ||    16
       Rpst.: Falchion   ||     2

Table legend: (Time is in decaauts)
 A = Elapsed time spent in this place.
 B = Non-inter-level travel time spent in this place.
 C = Inter-level travel time spent in this place.
 D = Time resting spent in this place.
 E = Time spent auto-exploring this place.
 F = Levels seen in this place.
 G = Mean time per level.
                   A        B        C        D        E       F      G
               +--------+--------+--------+--------+--------+-----+--------+
         Total |    308 |    308 |      0 |      0 |    185 |   1 |  308.0 |
       Dungeon |    308 |    308 |      0 |      0 |    185 |   1 |  308.0 |
               +--------+--------+--------+--------+--------+-----+--------+

Top non-repeatable levels by time:
     D:5: 308 daAuts
